 Dungeon Crawl Stone Soup version 0.30-a0-1035-g38d5fb2972 (webtiles) character file.

Game seed: 16623184876909857778

175 FlurksSlurper the Ruffian (level 5, -3/38 HPs)
             Began as a Demonspawn Gladiator on Apr 8, 2023.
             Slain by an iguana (13 damage)
             ... on level 4 of the Dungeon.
             The game lasted 00:05:23 (1997 turns).

FlurksSlurper the Ruffian (Demonspawn Gladiator)    Turns: 1997, Time: 00:05:23

Health: -3/38      AC:  4    Str: 15    XL:     5   Next: 29%
Magic:  8/8        EV: 12    Int: 11    God:
Gold:   96         SH:  5    Dex: 14    Spells: 8/8 levels left

rFire   . . .      SeeInvis .      - Unarmed
rCold   . . .      Faith    .    (no shield)
rNeg    . . .      Spirit   .    a - +0 leather armour
rPois   .          Reflect  +    (helmet restricted)
rElec   .          Rampage  .    p - +0 cloak {rCorr}
rCorr   +                        (no gloves)
Will    .....                    (no boots)
Stlth   +                        m - amulet of reflection
HPRegen 0.26/turn                (no ring)
MPRegen 0.11/turn                (no ring)

@: no status effects
A: horns 1, demonic magic 3
a: no special abilities


You were on level 4 of the Dungeon.
You visited 1 branch of the dungeon, and saw 3 of its levels.

You collected 96 gold pieces.

Inventory:

Hand Weapons
 b - a +0 sling
 e - a +0 spear
 s - a +2 quarterstaff of chaos
Missiles
 c - a throwing net
 d - a javelin
 h - 4 boomerangs (quivered)
 j - 4 silver javelins
Armour
 a - a +0 leather armour (worn)
 p - a +0 cloak of preservation (worn)
Jewellery
 m - an amulet of reflection (around neck)
Scrolls
 f - 2 scrolls of enchant weapon {unknown}
 i - a scroll of fog {unknown}
 k - 2 scrolls of teleportation {unknown}
 o - a scroll of fear {unknown}
 q - a scroll of poison {unknown}
Potions
 g - 4 potions of curing
 n - a potion of berserk rage
 r - a potion of heal wounds {unknown}


   Skills:
 + Level 2.0 Fighting
 + Level 2.3 Throwing
 + Level 1.2 Armour
 + Level 3.1 Dodging
 + Level 0.4 Stealth
 + Level 0.6 Shields
 + Level 3.7 Unarmed Combat
 * Level 2.2 Spellcasting


You had 8 spell levels left.
You didn't know any spells.
Your spell library contained the following spells:

 Spells                   Type           Power      Damage    Failure   Level
 Frozen Ramparts          Ice            2%         1d1       71%         3
 Ice Form                 Ice/Tmut       1%         N/A       98%         4
 Summon Ice Beast         Ice/Summ       1%         N/A       98%         4


Dungeon Overview and Level Annotations

Branches:
Dungeon (4/15)
 Temple: D:4-7

Altars:

Shops:
D:1 :


Innate Abilities, Weirdness & Mutations

You have a pair of small horns on your head.
Spells you cast and wands you use may paralyse nearby enemies.


Message History

The iguana bites you!
* * * LOW HITPOINT WARNING * * *
You closely miss the iguana.
The iguana is heavily wounded.
You block the iguana's attack.
Unknown command.
Throw: 3 darts (poison)
Press: ? - help, Shift-Dir - straight line, f/p - iguana
Aim: an iguana (heavily wounded, 64% to hit)
You throw a poisoned dart.
The poisoned dart barely misses the iguana.
The poisoned dart hits the kobold.
The kobold is poisoned.
Unknown command.
Throw: 2 darts (poison)
Press: ? - help, Shift-Dir - straight line, f/p - iguana
Aim: an iguana (heavily wounded, 64% to hit)
You throw a poisoned dart.
The poisoned dart barely misses the iguana.
The poisoned dart barely misses the kobold.
You block the iguana's attack.
Throw: dart (poison)
Press: ? - help, Shift-Dir - straight line, f/p - iguana
Aim: an iguana (heavily wounded, 64% to hit)
You throw a poisoned dart. The poisoned dart hits the iguana.
The iguana is poisoned.
The iguana is heavily wounded.
You kill the kobold!
The iguana closely misses you.
You don't have any such object.
Fire/throw/use which item? ([*] to toss any item) (? for menu, Esc to quit)
Okay, then.
Unknown command.
You barely miss the iguana. Your headbutt misses the iguana.
The iguana is heavily wounded.
The iguana closely misses you.
Unknown command.
You hit the iguana but do no damage. Your headbutt misses the iguana.
The iguana is severely wounded.
The iguana bites you!
You die...

#.##.# #.##.# #(.
..##.# ####.#
##...# ..##.#
#.### #.##.# ##.#
#.##.# ...##
#.##)#
#.#.#########.##l#
.###..>....##.##@#
#.#.######>##.##.#
##.## #........#
#.# ##.####### #.#
#.# #.# #.# #.#
#.# #.# #.# #.#
#.#


You could see an iguana (poisoned).

Vanquished Creatures
  An ogre (D:4)
  Crazy Yiuf (D:2)
  An adder (D:4)
  3 worms
  A dart slug (D:1)
  9 bats
  An endoplasm (D:2)
  8 giant cockroaches
  4 goblins
  4 hobgoblins
  2 quokkas
  2 ball pythons
  A frilled lizard (D:2)
  4 kobolds
  3 rats
45 creatures vanquished.

Notes
Turn   | Place    | Note
-------+----------+-------------------------------------------
     0 | D:1      | FlurksSlurper the Demonspawn Gladiator began the quest for
                  | the Orb.
     0 | D:1      | Reached XP level 1. HP: 16/16 MP: 1/1
   391 | D:1      | Gained mutation: Spells you cast may paralyse adjacent
                  | enemies. [demonic ancestry]
   391 | D:1      | Reached XP level 2. HP: 18/22 MP: 2/2
   538 | D:1      | Found Buunoefu's Book Shop.
  1059 | D:2      | Reached skill level 1 in Spellcasting
  1091 | D:2      | Discovered your monstrous ancestry.
  1091 | D:2      | Gained mutation: You have a pair of small horns on your
                  | head. [demonic ancestry]
  1091 | D:2      | Reached XP level 3. HP: 17/27 MP: 4/4
  1237 | D:2      | Found a runed translucent door.
  1238 | D:2      | Noticed Crazy Yiuf
  1248 | D:2      | Killed Crazy Yiuf
  1368 | D:2      | Found a faded altar of an unknown god.
  1416 | D:2      | Gained mutation: Spells you cast may paralyse nearby
                  | enemies. [demonic ancestry]
  1416 | D:2      | Reached XP level 4. HP: 8/33 MP: 6/6
  1554 | D:2      | You fall into a shaft and drop 2 floors!
  1677 | D:4      | Noticed an ogre
  1698 | D:4      | Killed an ogre
  1699 | D:4      | Reached skill level 1 in Armour
  1699 | D:4      | Gained mutation: Spells you cast and wands you use may
                  | paralyse nearby enemies. [demonic ancestry]
  1699 | D:4      | Reached XP level 5. HP: 38/38 MP: 6/8
  1997 | D:4      | Slain by an iguana

Illustrated notes

Levels and vault maps discovered:
D:1:      dpeg_arrival_renting, layout_basic, serial_shops, nicolae_square_shop,
          corexii_leaking_fountain
D:2:      layout_loops_ring, ebering_ecumenical_altar_ruins, basic_altar,
          uniq_crazy_yiuf_cottage
D:4:      layout_loops_ring, lemuel_round_altar

Skill      XL: |  1  2  3  4 |
---------------+-------------+-----
Throwing       | 2 |  2.3
Unarmed Combat | 3 |  3.7
Spellcasting   | 1 2 |  2.2
Armour         | 1 |  1.2
Dodging        | 3 |  3.1
Fighting       | |  2.0
Stealth        | |  0.4
Shields        | |  0.6

Action                     |  1- 3 |  4- 6 || total
---------------------------+-------+-------++-------
  Melee: Unarmed           |   130 |    60 ||   190
         Headbutt          |     7 |     8 ||    15
         Punch             |     1 |     2 ||     3
   Fire: Sling             |       |     9 ||     9
  Throw: Boomerang         |     5 |     8 ||    13
         Dart              |       |     7 ||     7
         Throwing net      |       |     2 ||     2
    Use: Scroll            |     1 |       ||     1
         Potion            |     2 |       ||     2
   Stab: Sleeping          |     2 |     1 ||     3
 Armour: Leather armour    |    47 |    10 ||    57
  Dodge: Dodged            |    62 |    30 ||    92
  Block: Other             |    14 |    15 ||    29

Table legend: (Time is in decaauts)
 A = Elapsed time spent in this place.
 B = Non-inter-level travel time spent in this place.
 C = Inter-level travel time spent in this place.
 D = Time resting spent in this place.
 E = Time spent auto-exploring this place.
 F = Levels seen in this place.
 G = Mean time per level.
                   A        B        C        D        E       F      G
               +--------+--------+--------+--------+--------+-----+--------+
         Total |   1999 |   1912 |     87 |      0 |   1325 |   3 |  666.3 |
       Dungeon |   1999 |   1912 |     87 |      0 |   1325 |   3 |  666.3 |
               +--------+--------+--------+--------+--------+-----+--------+

Top non-repeatable levels by time:
     D:1: 844 daAuts
     D:2: 711 daAuts
     D:4: 443 daAuts
